 Dungeon Crawl Stone Soup version 0.26.1-11-gd32895ea62 (webtiles) character file.

Game seed: 5652186372504051183

2490 dtburroughs the Fighter (level 9, -1/123 HPs)
             Began as a Minotaur Berserker on July 23, 2021.
             Was a Priest of Trog.
             Slain by Snorg (14 damage)
             ... on level 10 of the Dungeon.
             The game lasted 00:11:09 (6882 turns).

dtburroughs the Fighter (Minotaur Berserker)        Turns: 6882, Time: 00:11:09

Health: -1/123     AC: 17    Str: 22    XL:     9   Next: 27%
Magic:  8/8        EV:  9    Int:  7    God:    Trog [***...]
Gold:   485        SH:  0    Dex: 10    Spells: 8/8 levels left

rFire    . . .     SeeInvis .   z - +0 war axe
rCold    . . .     Faith    .   (no shield)
rNeg     . . .     Spirit   .   H - +0 plate armour
rPois    .         Reflect  .   g - +1 hat
rElec    .         Harm     .   b - +0 cloak
rCorr    .         Rampage  .   (no gloves)
Will     +++..                  B - +0 pair of boots
Stlth    ..........             (no amulet)
HPRegen  1.30/turn              v - ring of stealth
MPRegen  0.11/turn              m - ring of willpower

@: berserking, regenerating, very quick
A: retaliatory headbutt, horns 2
a: Renounce Religion, Berserk, Trog's Hand


You were on level 10 of the Dungeon.
You worshipped Trog.
Trog was most pleased with you.
You visited 1 branch of the dungeon, and saw 9 of its levels.

You collected 485 gold pieces.

Inventory:

Hand Weapons
 z - a +0 war axe (weapon)
Armour
 b - a +0 cloak (worn)
 g - a +1 hat (worn)
 B - a +0 pair of boots (worn)
 H - a +0 plate armour (worn)
Jewellery
 h - a +6 ring of intelligence
 j - an uncursed ring of protection from fire {unknown}
 m - a ring of willpower (right hand)
 v - a ring of stealth (left hand)
 w - an uncursed ring of magical power
 y - an uncursed ring of resist corrosion {unknown}
Wands
 r - a wand of iceblast (7)
 D - a wand of flame (22)
 J - a wand of polymorph (10)
Scrolls
 a - 6 scrolls of identify
 d - 5 scrolls of teleportation
 e - a scroll of magic mapping {unknown}
 i - a scroll of immolation {unknown}
 l - a scroll of random uselessness {unknown}
 n - a scroll of noise {unknown}
 t - 2 scrolls of enchant weapon
 u - 4 scrolls of blinking
 E - a scroll of fog {unknown}
 F - a scroll of remove curse {unknown}
 I - a scroll of enchant armour {unknown}
Potions
 c - 5 potions of curing
 f - a potion of cancellation {unknown}
 k - 2 potions of attraction {unknown}
 o - 4 potions of might
 p - a potion of haste {unknown}
 q - a potion of mutation {unknown}
 s - a potion of heal wounds {unknown}
 x - 3 potions of invisibility {unknown}
 A - a potion of lignification {unknown}
 C - 2 potions of flight {unknown}
 G - a potion of brilliance {unknown}


   Skills:
 + Level 8.4 Fighting
 + Level 8.4 Axes
 + Level 7.8 Armour
 + Level 7.1 Dodging


You had 8 spell levels left.
You didn't know any spells.
Your spell library was empty.

Dungeon Overview and Level Annotations

Branches:
Dungeon (8/15)             Temple (0/1) D:4
   Lair: D:8-11

Altars:
Hepliaklqana
Kikubaaqudgha
Makhleb
Trog
Uskayaw
Xom
Yredelemnul

Shops:
D:4 [[[

Annotations:
D:8 Maurice
D:10 Snorg


Innate Abilities, Weirdness & Mutations

You reflexively headbutt those who attack you in melee.
You have a pair of horns on your head.


Message History

Snorg completely misses you. Snorg claws you! Snorg claws you.
The bullfrog zombie closely misses you.
A red film seems to cover your vision as you go berserk!
You feel yourself moving faster!
You feel mighty! Snorg bites you!! Snorg claws you.
Snorg claws you but does no damage. The hound bites you but does no damage.
The bullfrog zombie completely misses you.
The hound barely misses you. Snorg bites you!
* * * LOW HITPOINT WARNING * * *
Snorg claws you.
* * * LOW HITPOINT WARNING * * *
Snorg completely misses you.
You slash Snorg!
Snorg is moderately wounded.
You miss the hound. You slash the bullfrog zombie!
A centaur comes into view.
The hound barely misses you. Snorg bites you!
* * * LOW HITPOINT WARNING * * *
Snorg claws you!
You die...

.. .....### ..
#..#... #
#.###..... .
#...#....#.###
.........#...
#........##
#.....h..[#c.
#....@TW...#
##....Z#.#.#
#.....#
#.......#
#.........
#....$.!###
##.....##
##...## ###..


You could see Snorg (berserk), a wraith, a centaur (wandering), a hound and a
bullfrog zombie.

Vanquished Creatures
  Grinder (D:5)
  Menkaure (D:5)
  A phantom (D:4)
  3 sky beasts
  An orc warrior (D:8)
  A necrophage (D:6)
  3 ogres
  A bullfrog (D:8)
  3 scorpions
  5 wights (D:8)
  2 centaur zombies (D:8)
  A jelly (D:8)
  5 orc priests
  An iron imp (D:7)
  Jessica (D:2)
  5 orc wizards
  Ijyb (D:5)
  4 iguanas
  3 worker ants (D:5)
  A hound zombie (D:7)
  6 gnolls
  6 adders
  3 shadow imps
  2 ufetubi (D:5)
  An ooze (D:2)
  An adder zombie (D:7)
  3 worms
  A dart slug (D:2)
  2 leopard geckos
  34 orcs
  2 giant cockroaches
  4 goblins
  5 hobgoblins
  4 ball pythons
  4 bats
  3 frilled lizards
  2 jackal skeletons (D:4)
  2 kobolds
  A quokka zombie (D:6)
  4 rats
134 creatures vanquished.

Vanquished Creatures (others)
  An orc wizard (D:8)
1 creature vanquished.

Grand Total: 135 creatures vanquished

Notes
Turn   | Place    | Note
-------+----------+-------------------------------------------
     0 | D:1      | dtburroughs the Minotaur Berserker began the quest for the
                  | Orb.
     0 | D:1      | Reached XP level 1. HP: 19/19 MP: 0/0
   702 | D:1      | Reached XP level 2. HP: 25/27 MP: 1/1
   858 | D:2      | Noticed Jessica
   870 | D:2      | Killed Jessica
   871 | D:2      | Reached XP level 3. HP: 22/33 MP: 2/2
  1990 | D:3      | Reached XP level 4. HP: 41/41 MP: 3/3
  1996 | D:3      | Reached ** piety under Trog
  2515 | D:3      | Reached XP level 5. HP: 26/47 MP: 4/4
  2805 | D:4      | Found a hide-covered altar of Uskayaw.
  2805 | D:4      | Noticed a +0 dagger
  2805 | D:4      | Noticed a +0 hand axe
  2883 | D:4      | Found a basalt altar of Yredelemnul.
  2883 | D:4      | Found a hazy altar of Hepliaklqana.
  2889 | D:4      | Found an ancient bone altar of Kikubaaqudgha.
  2914 | D:4      | Found Fevoq's Armour Shoppe.
  2954 | D:4      | Reached skill level 5 in Fighting
  2954 | D:4      | Reached skill level 5 in Axes
  3103 | D:4      | Reached XP level 6. HP: 49/56 MP: 5/5
  3193 | D:4      | Found Yfiro's Armour Shoppe.
  3555 | D:4      | Found Mitreyl's Antique Armour Shop.
  3631 | D:4      | Found a staircase to the Ecumenical Temple.
  3770 | D:5      | Entered Level 5 of the Dungeon
  3913 | D:5      | Noticed Menkaure
  3925 | D:5      | Killed Menkaure
  3926 | D:5      | Reached skill level 5 in Armour
  3926 | D:5      | Reached XP level 7. HP: 62/62 MP: 6/6
  4073 | D:5      | Noticed Ijyb
  4084 | D:5      | Killed Ijyb
  4134 | D:5      | Reached skill level 5 in Dodging
  4142 | D:5      | You fall into a shaft and drop 3 floors!
  4566 | D:8      | Reached XP level 8. HP: 64/71 MP: 7/7
  4896 | D:8      | Noticed Maurice
  5134 | D:7      | Found a burning altar of Makhleb.
  5324 | D:6      | Found a bloodstained altar of Trog.
  5473 | D:5      | Reached *** piety under Trog
  5806 | D:5      | Noticed Grinder
  5823 | D:5      | Killed Grinder
  5913 | D:5      | Reached XP level 9. HP: 81/81 MP: 8/8
  6062 | D:6      | Found a shimmering altar of Xom.
  6870 | D:7      | You fall into a shaft and drop 3 floors!
  6870 | D:10     | Entered Level 10 of the Dungeon
  6872 | D:10     | Noticed Snorg
  6882 | D:10     | Slain by Snorg

Illustrated notes

Levels and vault maps discovered:
D:1:      psy_arrival_radial02, layout_loops_ring
D:2:      layout_rooms, uniq_jessica
D:3:      layout_basic, saegor_snake_ambush
D:4:      layout_basic, dancing_weapons_uskayaw, gammafunk_temple_overflow_claw,
          temple_statues, serial_shops, nicolae_shop_statue_plus,
          nicolae_shop_crystal, kennysheep_mini
D:5:      layout_gridville, uniq_menkaure, uniq_ijyb, uniq_grinder
D:6:      layout_basic, kennysheep_mini_moat, lemuel_doored_altar
D:7:      black_bear_nest_2, layout_basic, makhleb_grotto_becter,
          lightli_minifort
D:8:      layout_basic, basic_altar, uniq_maurice
D:10:     layout_rooms, grunt_qazlal_sundering, uniq_snorg, uniq_erica

Skill      XL: |  1  2  3  4  5  6  7  8  9 |
---------------+----------------------------+-----
Fighting       | 4 5 6 7 8 |  8.4
Axes           | 4 5 6 7 8 |  8.4
Armour         | 3 4 5 6 7 |  7.8
Dodging        | 3 4 5 6 7 |  7.1

Action                   |  1- 3 |  4- 6 |  7- 9 || total
-------------------------+-------+-------+-------++-------
Melee: Hand axe          |    55 |    37 |       ||    92
       Headbutt          |    10 |    22 |    54 ||    86
       War axe           |       |    69 |   212 ||   281
Invok: Trog's Hand       |       |     2 |     8 ||    10
       Berserk           |       |     1 |     3 ||     4
Evoke: Wand              |       |       |     4 ||     4
  Use: Scroll            |       |     7 |       ||     7
Armor: Animal skin       |     8 |       |       ||     8
       Chain mail        |     5 |    43 |    97 ||   145
       Plate armour      |       |       |    25 ||    25
Dodge: Dodged            |    37 |    47 |   143 ||   227
